 Dungeon Crawl Stone Soup version 0.23-a0-586-gacb4b3f (webtiles) character file.

126 theanonym the Cutter (level 4, -8/30 HPs)
             Began as a Mummy Enchanter on Dec 19, 2018.
             Killed from afar by an orc wizard (9 damage)
             ... with a magic dart
             ... on level 3 of the Dungeon.
             The game lasted 00:04:07 (3845 turns).

theanonym the Cutter (Mummy Enchanter)              Turns: 3845, Time: 00:04:07

Health: -8/30      AC:  6    Str: 12    XL:     4   Next: 83%
Magic:  8/8        EV: 10    Int: 17    God:
Gold:   115        SH:  0    Dex: 12    Spells: 4/8 levels left

rFire    x . .     SeeInvis .   m - +0 halberd
rCold    + . .     Gourm    .   (shield currently unavailable)
rNeg     + + +     Faith    .   d - +0 ring mail
rPois    ∞         Spirit   .   j - +0 helmet
rElec    .         Reflect  .   (no cloak)
rCorr    .         Harm     .   (no gloves)
MR       .....                  (no boots)
Stlth    +.........             (no amulet)
HPRegen  0.10/turn              h - +3 ring of intelligence
MPRegen  0.11/turn              (no ring)

@: no status effects
A: no food or potions, fire vulnerability, cold resistance 1, negative energy
resistance 3, torment resistance, unbreathing
a: no special abilities


Innate Abilities, Weirdness & Mutations

You do not eat or drink.
Your flesh is vulnerable to fire.
You are immune to poison.
Your flesh is cold resistant. (rC+)
You are immune to negative energy. (rN+++)
You are immune to unholy pain and torment.
You can survive without breathing.


   Skills:
 + Level 3.9 Short Blades
 - Level 1.5 Dodging
 - Level 2.4 Stealth
 - Level 2.6 Spellcasting
 - Level 2.6 Hexes


You had 4 spell levels left.
You knew the following spells:

 Your Spells              Type           Power        Failure   Level  Hunger
a - Corona                Hex            ##.....      14%         1    N/A
b - Tukima's Dance        Hex            ##......     38%         3    N/A

Your spell library contained the following spells:

 Spells                   Type           Power        Failure   Level  Hunger
 Ensorcelled Hibernation  Hex/Ice        #.....       34%         2    N/A
 Confuse                  Hex            ##......     38%         3    N/A
 Dazzling Spray           Conj/Hex       #.....       56%         3    N/A

Skill      XL: |  1  2  3 |
---------------+----------+-----
Short Blades   | 1 2 3 |  3.9
Dodging        | |  1.5
Stealth        | |  2.4
Spellcasting   | |  2.6
Hexes          | |  2.6

Action                   |  1- 3 |  4- 6 || total
-------------------------+-------+-------++-------
Melee: Dagger            |    51 |       ||    51
       Short sword       |    94 |    73 ||   167
       Halberd           |       |    33 ||    33
 Cast: Tukima's Dance    |     3 |     5 ||     8
 Stab: Sleeping          |     1 |       ||     1
Armor: Robe              |     6 |       ||     6
       Ring mail         |    38 |    34 ||    72
Dodge: Dodged            |    58 |    49 ||   107

Inventory:

Hand Weapons
 a - a +1 dagger
 f - a +0 short sword
   (You took it off a kobold on level 1 of the Dungeon)
 m - a +0 halberd (weapon)
   (You found it on level 3 of the Dungeon)
Missiles
 e - 40 arrows
Armour
 b - a +0 robe
 d - a +0 ring mail (worn)
   (You found it on level 1 of the Dungeon)
 j - a +0 helmet (worn)
   (You found it on level 2 of the Dungeon)
Jewellery
 h - a +3 ring of intelligence (left hand)
   (You found it on level 1 of the Dungeon)
Wands
 c - a wand of clouds (6)
   (You found it on level 3 of the Dungeon)
Scrolls
 g - 3 scrolls of teleportation {unknown}
 i - 3 scrolls of identify {unknown}
 k - a scroll of magic mapping {unknown}
 l - a scroll of immolation {unknown}


You were on level 3 of the Dungeon.
You were not hungry.

You visited 1 branch of the dungeon, and saw 3 of its levels.

You collected 115 gold pieces.

Dungeon Overview and Level Annotations

Branches:
Dungeon (3/15)

Altars:

....#..........#
........†<#.#..#
...#..#####....#
......# #...#
..#...# #...#
.....## #...#
##...# #..# .....##
#.)#### ..#...#
##>..@o# ......#
#..)##o#
...#.†######.####†#
.............# #o#
....#..#######


#or .......# #r# ###..#.# ..Z ##...# #.. ###.# #.# You could see an orc wizard,
3 orcs, a worker ant zombie, a quokka and a rat.

Notes
Turn   | Place    | Note
-------+----------+-------------------------------------------
     0 | D:1      | theanonym the Mummy Enchanter began the quest for the Orb.
     0 | D:1      | Reached XP level 1. HP: 13/13 MP: 4/4
    28 | D:1      | HP: 4/13 [kobold/+0 short sword (4)]
   221 | D:1      | Reached skill level 1 in Short Blades
   277 | D:1      | HP: 6/13 [goblin/+0 dagger (4)]
   285 | D:1      | Reached XP level 2. HP: 9/19 MP: 5/5
   505 | D:1      | Reached skill level 2 in Short Blades
  1289 | D:2      | HP: 8/19 [adder (3)]
  1294 | D:2      | Reached XP level 3. HP: 10/24 MP: 7/7
  1481 | D:2      | HP: 9/24 [kobold (4)]
  1798 | D:2      | HP: 12/24 [worm (7)]
  1803 | D:2      | HP: 7/24 [worm (4)]
  2097 | D:2      | HP: 8/24 [worm (7)]
  2514 | D:1      | Learned a level 3 spell: Tukima's Dance
  2522 | D:2      | Reached skill level 3 in Short Blades
  2647 | D:2      | Reached XP level 4. HP: 30/30 MP: 8/8
  3216 | D:2      | HP: 15/30 [gnoll (2)]
  3221 | D:2      | HP: 11/30 [gnoll (1)]
  3226 | D:2      | HP: 9/30 [gnoll (2)]
  3227 | D:2      | HP: 4/30 [gnoll (6)]
  3505 | D:2      | HP: 12/30 [gnoll/+0 whip (5)]
  3515 | D:2      | HP: 4/30 [gnoll (5)]
  3823 | D:3      | HP: 15/30 [something/puff of flame (10)]
  3826 | D:3      | HP: 7/30 [something (2)]
  3836 | D:3      | HP: 4/30 [something (2)]
  3837 | D:3      | HP: 1/30 [something (3)]
  3844 | D:3      | HP: 1/30 [orc wizard/+0 dagger (1)]
  3845 | D:3      | Killed from afar by an orc wizard

Vanquished Creatures
  5 gnolls (D:2)
  An adder (D:2)
  A worm (D:2)
  3 dart slugs
  3 leopard geckos
  3 orcs
  2 giant cockroaches
  5 goblins
  3 hobgoblins (D:1)
  5 bats
  5 frilled lizards
  3 kobolds
  4 rats
43 creatures vanquished.

Vanquished Creatures (collateral kills)
  2 gnolls (D:2)
2 creatures vanquished.

Vanquished Creatures (others)
  A dancing weapon (D:2)
1 creature vanquished.

Grand Total: 46 creatures vanquished

Table legend:
 A = Turns spent in this place as a percentage of turns spent in the entire game.
 B = Non-inter-level travel turns spent in this place as a percentage of non-inter-level travel turns spent in the entire game.
 C = Inter-level travel turns spent in this place as a percentage of turns spent in this place.
 D = Turns resting spent in this place as a percentage of non-inter-level travel turns spent in this place.
 E = Turns spent auto-exploring this place as a percentage of non-inter-level travel turns spent in this place.
 F = Non-inter-level travel turns spent in this place divided by the number of levels of this place that you've seen.
                   A       B       C       D       E      F
               +-------+-------+-------+-------+-------+----------------------
         Total | 100.0 | 100.0 |   3.1 |  55.4 |  30.0 | 1242.3
       Dungeon | 100.0 | 100.0 |   3.1 |  55.4 |  30.0 | 1242.3
               +-------+-------+-------+-------+-------+----------------------
